 Dungeon Crawl Stone Soup version 0.31.0-12-g77e489cdc1 (webtiles) character file.

Game seed: 4922678994204276846

445 sking99 the Apothecary (level 7, -1/40 HPs)
             Began as a Kobold Alchemist on Mar 3, 2024.
             Was an Initiate of Sif Muna.
             Slain by Dowan
             ... wielding a +0 dagger
              (6 damage)
             ... on level 4 of the Dungeon.
             The game lasted 00:07:38 (3390 turns).

sking99 the Apothecary (Kobold Alchemist)           Turns: 3390, Time: 00:07:39

Health: -1/40      AC:  3    Str:  8    XL:     7   Next: 24%
Magic:  0/12       EV: 15    Int: 16    God:    Sif Muna [......]
Gold:   148        SH:  0    Dex: 15    Spells: 3/13 levels left

rFire   . . .        p - +2 whip (elec)
rCold   . . .        (no shield)
rNeg    . . .        a - +0 robe
rPois   .            (no helmet)
rElec   .            o - +0 cloak
rCorr   .            (no gloves)
SInv    .            (no boots)
Will    .....        (no amulet)
Stlth   +++          (no ring)
HPRegen 0.26/turn    (no ring)
MPRegen 0.13/turn

%: no passive effects
@: no status effects
A: small, no large weapons, nightstalker 3
a: Renounce Religion


You were on level 4 of the Dungeon.
You worshipped Sif Muna.
Sif Muna was noncommittal.
You visited 2 branches of the dungeon, and saw 5 of its levels.

You collected 148 gold pieces.

Inventory:

Hand Weapons
 p - a +2 whip of electrocution (weapon)
Armour
 a - a +0 robe (worn)
 o - a +0 cloak (worn)
Scrolls
 e - a scroll of amnesia
 n - a scroll of revelation
Potions
 b - a potion of magic
 c - a potion of haste
 d - a potion of degeneration {unknown}
 f - a potion of heal wounds {unknown}
 g - a potion of mutation {unknown}
 l - a potion of attraction
 q - a potion of enlightenment {unknown}
 r - a potion of berserk rage {unknown}
 s - a potion of lignification {unknown}


   Skills:
 + Level 2.9 Fighting
 - Level 2.4 Dodging
 - Level 2.6 Stealth
 + Level 3.6 Spellcasting
 + Level 2.9 Conjurations
 + Level 2.1 Air Magic
 * Level 5.1 Alchemy


You had 3 spell levels left.
You knew the following spells:

 Your Spells              Type           Power      Damage    Failure   Level
a - Sting                 Conj/Alch      60%        1d6       3%          1
b - Mercury Vapours       Alch/Air       28%        N/A       6%          2
c - Mephitic Cloud        Conj/Alch/Air  13%        N/A       13%         3
d - Olgreb's Toxic Radia  Alch           19%        N/A       22%         4

Your spell library contained the following spells:

 Spells                   Type           Power      Damage    Failure   Level
 Freeze                   Ice            8%         1d3       19%         1
 Swiftness                Air            9%         N/A       22%         3
 Ensorcelled Hibernation  Hex/Ice        4%         N/A       26%         2
 Hailstorm                Conj/Ice       7%         3d5       28%         3
 Frozen Ramparts          Ice            4%         1d1       47%         3
 Passwall                 Erth           2%         N/A       47%         3
 Sticky Flame             Fire/Alch      11%        2d5       52%         4


Dungeon Overview and Level Annotations

Branches:
Dungeon (4/15)             Temple (1/1) D:4

Altars:
Ashenzari
Cheibriados
Dithmenos
Elyvilon
Fedhas
Gozag
Hepliaklqana
Kikubaaqudgha
Makhleb
Nemelex Xobeh
Okawaru
Qazlal
Ru
Sif Muna
Uskayaw
Vehumet
Wu Jian
Xom
Yredelemnul
Zin
The Shining One

Shops:
D:2 *(

Annotations:
D:3 2 transporters, Vncvd's ghost, amateur BaMo
D:4 Dowan


Innate Abilities, Weirdness & Mutations

You are small and have problems with some larger weapons.
You are completely attuned to the shadows.


Message History

Press: ? - help, Shift-Dir - straight line, f - Dowan
Aim: Dowan, wielding a +0 dagger and wearing a +0 robe (60% to hit)
The sting hits Dowan.
Dowan is poisoned.
Dowan is lightly wounded.
Casting: Sting (safe; 3% risk of failure)
Confirm with . or Enter, or press ? or * to list all spells.
You don't have enough magic to cast this spell.
You closely miss Dowan.
Dowan is moderately wounded.
Sif Muna accepts your kill.
Dowan seems overcome with grief.
Dowan seems to find hidden reserves of power!
You feel a bit more experienced. Dowan hits you with a +0 dagger.
Dowan points at you and mumbles some strange words.
The shard of ice misses you.
Your Air Magic skill increases to level 2!
Your Alchemy skill increases to level 5!
You have reached level 7!
Casting: Sting (safe; 3% risk of failure)
Confirm with . or Enter, or press ? or * to list all spells.
Aiming: Sting (safe; 3% risk of failure)
Press: ? - help, Shift-Dir - straight line, f/p - Dowan
Aim: Dowan, wielding a +0 dagger and wearing a +0 robe (lightly wounded, fast, poisoned, 64% to hit)
The sting misses Dowan.
Dowan points at you and mumbles some strange words.
The stone arrow hits you!
* * * LOW HITPOINT WARNING * * *
Dowan misses you.
You hit Dowan.
Dowan is heavily wounded.
Dowan barely misses you.
You hit Dowan.
Dowan is heavily wounded.
Dowan hits you with a +0 dagger.
* * * LOW HITPOINT WARNING * * *
Dowan misses you.
You hit Dowan but do no damage.
Dowan is heavily wounded.
Dowan hits you with a +0 dagger.
You die...

,,,,,,,,,,,#.......#,,,**,,**,,*,
,,,,,,,,,,,#.......#,,,**,,**,,*,
,,,,,,,**,,#.......#,,,,,,,+,,,+,
,,,,,,,**,,#.......#,,,,,,,**,,**
,,,,,,,,,,,#.......#,,,**,,**,,**
,,,,,,,,,,,#.......#,,,**,,**,,,,
,,,,,,,,,,,#......8#,>,,,,,,*,,,,
,,,,,,,,,,,+....e.>#,,,,,,,,*,,,,
,,,,,,,**+*#....@.8#,,,**,,**,,,,
,,,,,,,**,,*.......#,,,**,,***+**
,,,,,,,,*,,*.......#,,,,,,,*,,,,*
,,,,,,,,*,,*.......#,,,,,,,*,,,,+
,,,,,,,,*,,*.......#,,,,,,,*,,,,*
,,,,,,,,+,,*,,.....#,,,,,,,*,,,,*
,,,,,,,,*,,*,,.....#,,,,,,,*,,,,*
,,,,,,,*****,,.....#,,,**,,*,,,,*
,,,,,,,**,,*,,.....#,,,*****,,,,*


You could see Dowan (fast, poisoned).

Vanquished Creatures
  Sigmund (D:2)
  Duvessa (D:4)
  Crazy Yiuf (D:2)
  Natasha (twice) (D:3)
  A gnoll (D:2)
  4 adders
  2 ribbon worms
  2 dart slugs
  2 orcs (D:3)
  3 endoplasms
  3 giant cockroaches
  4 goblins
  4 hobgoblins
  3 jackals (D:1)
  2 quokkas (D:2)
  2 ball pythons (D:2)
  6 bats
  4 frilled lizards
  7 kobolds
  4 rats
58 creatures vanquished.

Notes
Turn   | Place    | Note
-------+----------+-------------------------------------------
     0 | D:1      | sking99 the Kobold Alchemist began the quest for the Orb.
     0 | D:1      | Reached XP level 1. HP: 10/10 MP: 3/3
   123 | D:1      | Reached XP level 2. HP: 16/16 MP: 1/5
   661 | D:1      | Reached XP level 3. HP: 20/20 MP: 2/6
   731 | D:1      | Reached skill level 1 in Fighting
   882 | D:2      | Found a runed translucent door.
   885 | D:2      | Noticed Crazy Yiuf
  1100 | D:2      | Learned a level 2 spell: Mercury Vapours
  1136 | D:2      | Found Ekha Orut's Weapon Boutique.
  1536 | D:2      | Noticed Sigmund
  1551 | D:2      | Killed Sigmund
  1552 | D:2      | Reached skill level 1 in Air Magic
  1552 | D:2      | Reached skill level 4 in Alchemy
  1552 | D:2      | Reached XP level 4. HP: 16/26 MP: 0/8
  1552 | D:2      | Reached XP level 5. HP: 18/30 MP: 0/9
  1552 | D:2      | Reached XP level 6. HP: 21/35 MP: 0/10
  1669 | D:2      | Learned a level 3 spell: Mephitic Cloud
  1765 | D:2      | Found Pihiw's General Store.
  1868 | D:2      | Killed Crazy Yiuf
  1931 | D:3      | Learned a level 4 spell: Olgreb's Toxic Radiance
  2114 | D:3      | Found a stormy altar of Qazlal.
  2125 | D:3      | Noticed Natasha
  2131 | D:3      | Killed Natasha
  2248 | D:3      | Found a transporter.
  2255 | D:3      | Found a transporter.
  2316 | D:3      | Noticed Natasha
  2322 | D:3      | Killed Natasha
  2686 | D:3      | Noticed Vncvd's ghost (amateur BaMo)
  3290 | D:4      | Found a staircase to the Ecumenical Temple.
  3296 | Temple   | Entered the Ecumenical Temple
  3333 | Temple   | Became a worshipper of Sif Muna the Loreminder
  3367 | D:4      | Noticed Dowan
  3370 | D:4      | Noticed Duvessa
  3386 | D:4      | Killed Duvessa
  3387 | D:4      | Reached skill level 5 in Alchemy
  3387 | D:4      | Reached XP level 7. HP: 21/40 MP: 1/12
  3390 | D:4      | Slain by Dowan

Illustrated notes

Levels and vault maps discovered:
D:1:      wander_arrival_chamber, layout_rooms
D:2:      layout_basic, serial_shops, shop, nicolae_shop_tiny_waterfront,
          uniq_sigmund, uniq_crazy_yiuf_cottage
D:3:      layout_rooms, nicolae_qazlal_scattered_showers,
          gammafunk_ghost_gnarly_gnolls, chequers_arboretum,
          nrook_mini_backslash, nicolae_eternal_life, uniq_natasha
D:4:      kennysheep_goblin_castle, layout_gridville,
          mainiacjoe_overflow_24_doors, temple_statues, uniq_duvessa
Temple:   mainiacjoe_temple_big_plus

Skill      XL: |  1  2  3  4  5  6 |
---------------+-------------------+-----
Fighting       | 2 |  2.9
Spellcasting   | 3 |  3.6
Conjurations   | 2 |  2.9
Air Magic      | 1 2 |  2.1
Alchemy        | 4 5 |  5.1
Dodging        | |  2.4
Stealth        | |  2.6

Action                     |  1- 3 |  4- 6 |  7- 9 || total
---------------------------+-------+-------+-------++-------
  Melee: Unarmed           |    16 |       |       ||    16
         Whip              |       |     5 |     3 ||     8
   Cast: Sting             |    55 |    57 |     1 ||   113
         Mercury Vapours   |     1 |     5 |       ||     6
         Mephitic Cloud    |       |     1 |       ||     1
    Use: Scroll            |       |    10 |       ||    10
 Armour: Robe              |    13 |    10 |     3 ||    26
  Dodge: Dodged            |    30 |    20 |     3 ||    53
